 Dungeon Crawl Stone Soup version 0.22-a0-580-gd5db89c (webtiles) character file.

431 galech the Skirmisher (level 6, -2/67 HPs)
             Began as an Ogre Berserker on July 2, 2018.
             Was a Priest of Trog.
             Slain by a bullfrog (4 damage)
             ... in a sewer.
             The game lasted 00:06:37 (3532 turns).

galech the Skirmisher (Ogre Berserker)              Turns: 3532, Time: 00:06:38

Health: -2/67      AC:  3    Str: 24    XL:     6   Next: 99%
Magic:  6/6        EV: 11    Int:  8    God:    Trog [***...]
Gold:   159        SH:  0    Dex:  8    Spells: 5/5 levels left

rFire    + . .     SeeInvis .   a - +0 mace
rCold    x . .     Gourm    .   (no shield)
rNeg     . . .     Faith    +   b - +0 animal skin
rPois    .         Spirit   .   (helmet restricted)
rElec    .         Reflect  .   o - scarf {repulsion}
rCorr    .         Harm     .   (gloves unavailable)
MR       +++..                  (boots unavailable)
Stlth    +.........             s - amulet of faith
HPRegen  1.21/turn              m - ring of fire
MPRegen  0.10/turn              v - ring of protection from magic

@: berserk cooldown, regenerating, slowed, repel missiles, very slow
A: large, unfitting armour, tough skin 1
a: Berserk, Trog's Hand, Renounce Religion


You were in a sewer.
You worshipped Trog.
Trog was most pleased with you.
You were near starving.

You visited 1 branch of the dungeon, and saw 3 of its levels.
You also visited: Sewer.

You collected 159 gold pieces.

Inventory:

Hand Weapons
 a - a +0 mace (weapon)
Armour
 b - a +0 animal skin (worn)
 o - a scarf of repulsion (worn)
Jewellery
 m - a ring of fire (left hand)
 n - an uncursed amulet of the acrobat
 s - an amulet of faith (around neck)
 v - a ring of protection from magic (right hand)
Wands
 t - a wand of polymorph (9)
Scrolls
 g - a scroll of remove curse
 j - a scroll of enchant armour
 l - 2 scrolls of random uselessness
 y - 4 scrolls of magic mapping
 z - a scroll of blinking {unknown}
 A - a scroll of teleportation {unknown}
Potions
 d - a potion of resistance {unknown}
 e - a potion of heal wounds {unknown}
 f - 2 potions of degeneration {unknown}
 h - 4 potions of curing {unknown}
 i - a potion of might {unknown}
 k - a potion of ambrosia {unknown}
 p - a potion of haste {unknown}
 r - a potion of invisibility {unknown}
 u - a potion of flight {unknown}
 w - a potion of brilliance {unknown}
Comestibles
 c - 5 rations
 x - 8 chunks of flesh


   Skills:
 + Level 6.1 Fighting
 + Level 5.0 Maces & Flails
 + Level 3.9 Dodging
 + Level 1.0 Stealth
 + Level 0.5 Unarmed Combat


You had 5 spell levels left.
You didn't know any spells.
Your spell library was empty.

Dungeon Overview and Level Annotations

Branches:
Dungeon (3/15)

Altars:
Xom


Innate Abilities, Weirdness & Mutations

You are too large for most types of armour.
You have tough skin. (AC +1)


Message History

The bullfrog barely misses you. The bullfrog hits you.
* * * LOW HITPOINT WARNING * * *
The frilled lizard misses you.
You sock the bullfrog!
The bullfrog is severely wounded.
You feel sick.
You are no longer poisoned.
The bullfrog hits you.
* * * LOW HITPOINT WARNING * * *
The bullfrog barely misses you. x2; The bullfrog hits you.
* * * LOW HITPOINT WARNING * * *
The frilled lizard bites you but does no damage.
The bullfrog hits you!
* * * LOW HITPOINT WARNING * * *
The bullfrog hits you.
* * * LOW HITPOINT WARNING * * *
As you read the scroll labeled RIL GAEMEONE, it crumbles to dust.
It is a scroll of amnesia.
You feel forgetful for a moment. The bullfrog hits you.
You die...

...≈.#
#..##.≈..≈.#
≈≈≈≈≈#
#####≈≈≈≈≈≈#
≈≈≈≈≈#
#≈≈≈≈≈≈#
≈≈÷≈≈#
#≈≈≈≈≈≈#
≈≈≈≈≈#
#≈≈≈≈≈≈#
≈≈≈≈≈#
#≈≈≈≈≈≈#
≈.≈.≈#
#≈≈≈≈≈≈#
≈)(.≈#
#≈≈≈F†≈#
..≈≈≈#
#≈≈Sl@≈#
≈≈≈≈≈#
#≈≈SF†≈#
≈≈≈≈≈#
#≈≈≈#≈≈#
≈≈≈≈≈#
#≈≈≈≈#≈#
≈≈≈≈≈# #≈≈≈≈
≈# ≈≈≈≈≈#
#≈≈≈≈ ≈#
≈≈≈≈≈#
#≈≈≈≈≈≈#
≈≈≈≈≈# #≈≈≈≈
≈# ≈..≈##
##≈.. ##


You could see 2 bullfrogs, 2 ball pythons and a frilled lizard.

Vanquished Creatures
  Sigmund (D:2)
  Robin (D:2)
  12 adders
  5 river rats (Sewer)
  3 oozes
  A worm (D:2)
  2 dart slugs
  A leopard gecko (D:2)
  7 bats
  3 giant cockroaches
  14 goblins
  14 hobgoblins
  8 ball pythons (Sewer)
  4 frilled lizards
  4 kobolds
  27 rats
107 creatures vanquished.

Notes
Turn   | Place    | Note
-------+----------+-------------------------------------------
     0 | D:1      | galech the Ogre Berserker began the quest for the Orb.
     0 | D:1      | Reached XP level 1. HP: 24/24 MP: 1/1
   238 | D:1      | Reached XP level 2. HP: 26/32 MP: 2/2
   719 | D:2      | Reached XP level 3. HP: 36/40 MP: 3/3
  1090 | D:2      | Reached ** piety under Trog
  1162 | D:2      | Found a shimmering altar of Xom.
  1258 | D:2      | Reached XP level 4. HP: 24/49 MP: 4/4
  1448 | D:2      | Noticed Sigmund
  1597 | D:2      | Killed Sigmund
  1597 | D:2      | Reached skill level 5 in Fighting
  1597 | D:2      | Reached XP level 5. HP: 38/57 MP: 5/5
  1597 | D:2      | Reached XP level 6. HP: 44/66 MP: 6/6
  1985 | D:2      | Noticed Robin
  2007 | D:2      | Killed Robin
  2161 | D:2      | Reached skill level 1 in Stealth
  2293 | D:3      | Found a glowing drain.
  2409 | Sewer    | Entered a sewer
  2869 | Sewer    | Reached *** piety under Trog
  3372 | Sewer    | Reached skill level 6 in Fighting
  3516 | Sewer    | Reached skill level 5 in Maces & Flails
  3531 | Sewer    | HP: 3/67 [bullfrog (9)]
  3531 | Sewer    | HP: 1/67 [bullfrog (2)]
  3532 | Sewer    | Slain by a bullfrog

Vault maps used:
D:1:      dpeg_arrival_arbitrary_b
D:2:      cheibrodos_greedy_goblins, tgw_xom, kennysheep_generic_room_16,
          uniq_sigmund, uniq_robin
D:3:      first_ration, gup_sewer_entry_glass
Sewer:    sewer_minmay_w

Skill      XL: |  1  2  3  4  5  6 |
---------------+-------------------+-----
Dodging        | 3 |  3.9
Maces & Flails | 3 4 5 |  5.0
Fighting       | 5 6 |  6.1
Stealth        | 1 |  1.0
Unarmed Combat | |  0.5

Action                   |  1- 3 |  4- 6 || total
-------------------------+-------+-------++-------
Melee: Mace              |   114 |   237 ||   351
       Unarmed           |       |     3 ||     3
       Punch             |       |     3 ||     3
Invok: Berserk           |     1 |    10 ||    11
       Trog's Hand       |     1 |     5 ||     6
  Use: Scroll            |       |     6 ||     6
 Stab: Distracted        |       |     1 ||     1
  Eat: Chunk             |     1 |    15 ||    16
       Ration            |       |     1 ||     1
Armor: Animal skin       |    41 |    79 ||   120
Dodge: Dodged            |    68 |   187 ||   255
       Deflected         |     1 |     2 ||     3

Table legend:
 A = Spawn XP
 B = Non-spawn XP
 C = Spawn XP percentage of total XP
 D = Spawn monster count
 E = Non-spawn monster count
 F = Spawn count percentage of total count
 G = Total turns spent on level
                    A         B        C        D         E        F      G
               +---------+---------+-------+---------+---------+-------+---------
         Total |       0 |     616 |   0.0 |       0 |     107 |   0.0 |  3532
               +---------+---------+-------+---------+---------+-------+---------
           D:1 |       0 |      30 |   0.0 |       0 |      17 |   0.0 |   705
           D:2 |       0 |     369 |   0.0 |       0 |      42 |   0.0 |  1558
           D:3 |       0 |      32 |   0.0 |       0 |       5 |   0.0 |   146
         Sewer |       0 |     185 |   0.0 |       0 |      43 |   0.0 |  1123
               +---------+---------+-------+---------+---------+-------+---------
